 Dungeon Crawl Stone Soup version 0.28.0 (webtiles) character file.

Game seed: 15357188532106908487

7826 SnakkuSnakku7 the Carver (level 11, -3/73 (86) HPs)
             Began as a Barachi Abyssal Knight on Feb 5, 2022.
             Was an Elder of Lugonu.
             Slain by a spectral orc warrior (6 damage)
             ... summoned by Nergalle
             ... on level 1 of the Lair of Beasts.
             The game lasted 00:21:32 (10294 turns).

SnakkuSnakku7 the Carver (Barachi Abyssal Knight)  Turns: 10294, Time: 00:21:33

HP:   -3/73 (86)    AC: 22    Str: 22    XL:     11   Next: 21%
MP:   18/18         EV:  7    Int: 11    God:    Lugonu [****..]
Gold: 350           SH:  3    Dex: 12    Spells: 10/10 levels left

rFire   . . .      SeeInvis .   a - +0 scimitar
rCold   . . .      Faith    .   d - +0 buckler
rNeg    . . .      Spirit   .   x - +0 shadow dragon scales
rPois   .          Reflect  .   y - +2 helmet
rElec   .          Harm     .   t - +2 cloak {Will+}
rCorr   .          Rampage  .   c - +2 pair of gloves {Str+3}
Will    +....                   b - +0 pair of boots "Cinleong" {Slay+4}
Stlth   ++........              w - amulet of regeneration
HPRegen 1.02/turn               o - ring of flight
MPRegen 0.16/turn               (no ring)

@: flying, heavily drained, slow
A: amphibious, slowness 1, strong legs 1, +LOS
a: Hop, Renounce Religion, Depart the Abyss, Bend Space, Banish, Corrupt


You were on level 1 of the Lair of Beasts.
You worshipped Lugonu.
Lugonu was greatly pleased with you.
You visited 2 branches of the dungeon, and saw 11 of its levels.
You visited the Abyss 1 time.
You also visited: Bailey.

You collected 768 gold pieces.
You spent 418 gold pieces at shops.

Inventory:

Hand Weapons
 a - a +0 scimitar (weapon)
Missiles
 i - 3 curare-tipped darts (quivered)
 q - a throwing net
Armour
 b - the +0 pair of boots "Cinleong" (worn) {Slay+4}
   (You found it in a bailey)

   Slay:      It affects your accuracy & damage with ranged weapons and melee
   (+4).
 c - a +2 pair of gloves of strength (worn)
 d - a +0 buckler (worn)
 j - a +0 helmet
 t - a +2 cloak of willpower (worn)
 x - +0 shadow dragon scales (worn)
 y - a +2 helmet (worn)
Jewellery
 m - a ring of positive energy
 o - a ring of flight (left hand)
 w - an amulet of regeneration (around neck)
 H - a ring of poison resistance
Wands
 B - a wand of acid (6)
 D - a wand of digging (3)
 G - a wand of flame (7)
 J - a wand of mindburst (10)
Scrolls
 e - a scroll of fear {unknown}
 f - a scroll of teleportation {unknown}
 g - 2 scrolls of immolation {unknown}
 v - a scroll of enchant weapon {unknown}
 z - a scroll of noise {unknown}
 A - a scroll of summoning {unknown}
 E - a scroll of magic mapping {unknown}
 I - a scroll of blinking {unknown}
 K - a scroll of acquirement {unknown}
 L - a scroll of torment {unknown}
Potions
 h - a potion of attraction
 k - 2 potions of flight
 l - a potion of haste
 n - 2 potions of resistance
 p - a potion of brilliance
 r - 2 potions of heal wounds {unknown}
 s - 2 potions of curing
 u - a potion of invisibility
 F - a potion of might
Miscellaneous
 C - a phial of floods (inert)


   Skills:
 - Level 8.0 Fighting
 - Level 14.0 Long Blades
 + Level 3.4 Armour
 - Level 1.1 Dodging
 - Level 10.0 Invocations


You had 10 spell levels left.
You didn't know any spells.
Your spell library contained the following spells:

 Spells                   Type           Power      Damage    Failure   Level
 Sandblast                Erth           0%         2d4       99%         1
 Slow                     Hex            0%         N/A       99%         1
 Passwall                 Tmut/Erth      0%         N/A       99%         2
 Confusing Touch          Hex            0%         N/A       100%        3
 Stone Arrow              Conj/Erth      0%         3d7       100%        3
 Vampiric Draining        Necr           0%         2d6       100%        3


Dungeon Overview and Level Annotations

Branches:
Dungeon (10/15)            Temple (0/1) D:6            Lair (1/6) D:9
 Bailey (visited)
    Orc: D:9-12

Altars:
Makhleb
Nemelex Xobeh
Ru
Sif Muna

Shops:
D:2 [   D:6 :   D:9 (:

Annotations:
D:6 exclusion: 2 doors
Lair:1 Nergalle


Innate Abilities, Weirdness & Mutations

You are amphibious.
You cover ground slowly.
You can hop short distances.
You have an extended range of vision and can be seen from far away.


Message History

Nergalle hits you but does no damage. You block the spectral orc's attack.
You block the spectral orc warrior's attack.
You slash Nergalle!
Nergalle is almost dead.
Nergalle points at you and mumbles some strange words.
The bolt of negative energy hits you!!
You feel drained.
The spectral orc warrior closely misses you.
The spectral orc hits you but does no damage.
You hit Nergalle but do no damage.
Nergalle is almost dead.
Nergalle points at you and mumbles some strange words.
Orcish apparitions take form around you.
You hit Nergalle.
Nergalle is almost dead.
The spectral orc warrior barely misses you.
The spectral orc barely misses you.
You closely miss Nergalle.
Nergalle is almost dead.
Nergalle casts a spell at you. The bolt of negative energy hits you!!
You feel drained.
* * * LOW HITPOINT WARNING * * *
The spectral orc warrior hits you with a +0 battleaxe!
* * * LOW HITPOINT WARNING * * *
You feel drained.
* * * LOW HITPOINT WARNING * * *
The spectral orc hits you with a +0 morningstar!
* * * LOW HITPOINT WARNING * * *
Okay, then.
Okay, then.
Aim the phial where?
Press: ? - help, Shift-Dir - straight line, f - Nergalle
Aim: Nergalle, wielding a +0 dagger and wearing a +1 robe of fire resistance (almost dead)
The torrent of water hits Nergalle!
Nergalle is almost dead.
The wave splashes down.
Nergalle is engulfed in water.
You hear a howl! x3; You hear an angry hiss.
You hear a howl!
You hear an angry hiss. x2
Nergalle hits you but does no damage.
The spectral orc warrior hits you with a +0 dire flail.
You die...

#### #########..#########
####### #...............[...
........
#................#.##.#......
#.########.......#....P......
#.########.....ZZ#.....o.....
#.##...........Z@#....# .....
#..#....##.....Z≈o≈...+......
#.##.....#......≈#≈..........
#..#....##......≈#...........
#.#.....##............#......
#.##....##.......#....# .....
#.##..#.##.......#....# ....
#........[.......###### .
#..................


You could see Nergalle (waterlogged), a spectral orc (summoned) and 3 spectral
orc warriors.

Vanquished Creatures
  An orc knight (Bailey)
  A cyclops (D:9)
  A centaur zombie (D:10)
  Joseph (D:7)
  2 trolls (D:10)
  A hornet (D:6)
  7 yaks
  3 humans (D:10)
  2 acid dragons
  6 orc warriors
  3 ogres
  An ice beast (D:7)
  3 sky beasts
  A black bear (D:9)
  A necrophage (D:3)
  3 centaurs
  A phantom (D:5)
  4 kobold brigands
  4 bullfrogs
  2 gnoll sergeants (D:7)
  A scorpion (D:5)
  A wyvern skeleton (D:7)
  6 killer bees
  2 wights (D:10)
  5 howler monkeys (D:9)
  4 orc priests
  A hound (D:5)
  4 bullfrog skeletons
  2 jellies
  6 iguanas
  5 orc wizards
  2 killer bee zombies
  A hound skeleton (D:4)
  6 adders
  18 gnolls
  3 white imps
  An ufetubus (D:6)
  An adder skeleton (D:4)
  3 worms
  A dart slug (D:2)
  30 orcs
  2 bats (D:2)
  6 endoplasms
  2 giant cockroaches
  5 goblins
  4 hobgoblins
  2 jackals (D:2)
  4 quokkas
  4 ball pythons
  A frilled lizard (D:3)
  28 kobolds
  3 rats
212 creatures vanquished.

Vanquished Creatures (others)
  10 fungi (D:9)
  16 plants (D:9)
26 creatures vanquished.

Grand Total: 238 creatures vanquished

Notes
Turn   | Place    | Note
-------+----------+-------------------------------------------
     0 | Abyss:1  | SnakkuSnakku7 the Barachi Abyssal Knight began the quest
                  | for the Orb.
     0 | Abyss:1  | Reached XP level 1. HP: 18/18 MP: 2/2
     6 | D:1      | Escaped the Abyss
   437 | D:1      | Reached XP level 2. HP: 24/24 MP: 3/3
   918 | D:2      | Reached skill level 3 in Long Blades
  1129 | D:1      | Reached XP level 3. HP: 21/29 MP: 4/4
  1346 | D:2      | Reached ** piety under Lugonu
  1574 | D:2      | Found Zistruro's Armour Emporium.
  1645 | D:2      | You fall into a shaft and drop 2 floors!
  1756 | D:3      | Reached XP level 4. HP: 32/36 MP: 6/6
  1783 | D:3      | Found a faded altar of an unknown god.
  1812 | D:3      | Reached skill level 4 in Long Blades
  2183 | D:3      | Found a burning altar of Makhleb.
  2282 | D:3      | Found a sparkling altar of Nemelex Xobeh.
  2453 | D:3      | Found a sacrificial altar of Ru.
  2477 | D:3      | Noticed a necrophage
  2490 | D:3      | Killed a necrophage
  2491 | D:3      | Reached skill level 5 in Long Blades
  2491 | D:3      | Reached XP level 5. HP: 35/41 MP: 7/7
  2707 | D:4      | Found a shimmering blue altar of Sif Muna.
  2865 | D:4      | Reached XP level 6. HP: 12/47 MP: 7/9
  3294 | D:4      | Reached skill level 6 in Long Blades
  3624 | D:2      | Bought a +0 cloak of willpower for 149 gold pieces
  3681 | D:5      | Entered Level 5 of the Dungeon
  3713 | D:5      | Noticed a yak
  3713 | D:5      | Noticed a yak
  3713 | D:5      | Noticed a yak
  3720 | D:5      | Noticed a yak
  3723 | D:5      | Noticed a yak
  4037 | D:5      | Reached *** piety under Lugonu
  4191 | D:5      | Reached XP level 7. HP: 43/52 MP: 10/10
  4360 | D:6      | Reached skill level 5 in Invocations
  4493 | D:6      | Found a staircase to the Ecumenical Temple.
  4539 | D:6      | Reached skill level 7 in Long Blades
  4787 | D:6      | Found Ytonn's Book Shop.
  5067 | D:6      | Reached XP level 8. HP: 27/52 MP: 12/12
  5091 | D:6      | Reached skill level 8 in Long Blades
  5371 | D:5      | Noticed a yak
  5400 | D:4      | Killed a yak
  5469 | D:4      | Killed a yak
  5470 | D:4      | Reached skill level 9 in Long Blades
  5533 | D:4      | Killed a yak
  5534 | D:4      | Reached skill level 10 in Long Blades
  5587 | D:4      | Killed a yak
  5682 | D:4      | Killed a yak
  5683 | D:4      | Reached skill level 11 in Long Blades
  5683 | D:4      | Reached XP level 9. HP: 28/64 MP: 13/13
  6038 | D:5      | Reached skill level 12 in Long Blades
  6204 | D:6      | Reached skill level 5 in Fighting
  6276 | D:7      | Noticed a hornet
  6285 | D:6      | Paralysed by a hornet for 1 turns
  6286 | D:6      | Killed a hornet
  6350 | D:7      | Found a flagged portal.
  6522 | Bailey   | Entered a bailey
  6706 | Bailey   | Noticed an orc knight
  6761 | Bailey   | Reached skill level 13 in Long Blades
  6959 | Bailey   | Killed an orc knight
  6960 | Bailey   | Reached XP level 10. HP: 80/80 MP: 14/14
  7013 | Bailey   | Identified the +0 pair of boots "Cinleong" {Slay+4}
  7288 | D:2      | Bought a +1 helmet for 149 gold pieces
  7464 | D:7      | Noticed Joseph
  7488 | D:7      | Killed Joseph
  7516 | D:7      | Identified the +5 flail of Ning {chaos, rF+ Str+7 Dex+4}
  7624 | D:7      | Reached skill level 14 in Long Blades
  8523 | D:8      | Identified the +1 falchion "Nairr" {vorpal, rPois}
  8739 | D:9      | Noticed a cyclops
  8752 | D:9      | Killed a cyclops
  8784 | D:9      | Reached **** piety under Lugonu
  8816 | D:9      | Found Hijykkag's Antique Weapon Shoppe.
  8891 | D:9      | Bought a scimitar for 120 gold pieces
  8944 | D:9      | Identified the +8 mace "Vamav" {flame, Str+6}
  9171 | D:9      | Found a staircase to the Lair.
  9272 | D:9      | Found Veckikh's Book Emporium.
  9569 | D:10     | Entered Level 10 of the Dungeon
  9599 | D:10     | Reached XP level 11. HP: 74/86 MP: 17/17
 10032 | D:10     | Reached skill level 10 in Invocations
 10224 | Lair:1   | Entered Level 1 of the Lair of Beasts
 10273 | Lair:1   | Noticed Nergalle
 10293 | Lair:1   | HP: 1/73 [spectral orc[Nergalle] (9)]
 10294 | Lair:1   | Slain by a spectral orc warrior

Illustrated notes

Levels and vault maps discovered:
D:1:      grunt_arrival_crossed_arrows, layout_basic, serial_bayou,
          serial_bayou_pond_d, serial_bayou_ford_a, serial_bayou_pond_d,
          serial_bayou_shore_b, minivault_4, hangedman_decor_riveting
D:2:      layout_loops_cross, serial_shops, nicolae_shop_statue_plus
D:3:      layout_loops_cross, nemelex_dance_club_becter, bloody_makhleb,
          lemuel_tele_altar, ebering_ecumenical_altar_rust
D:4:      layout_loops_cross, mainiacjoe_overflow_chevrons,
          hangedman_decor_lopped, dk_noncrumbling_3
D:5:      layout_basic, kennysheep_big_empty_room
D:6:      kennysheep_big_flooded_room, layout_basic,
          minmay_temple_entry_statues, serial_shops, shop, columned_hall_lemuel,
          chequers_serial_rivers_micro_d
D:7:      layout_loops_ring, enter_bailey_8, grunt_ministairs_3, uniq_joseph
D:8:      layout_loops_corners
D:9:      minmay_weird_star, layout_basic, grunt_lair_entry_orc_guard_hut,
          serial_shops, nicolae_shop_temple_entry_statues_fountains,
          nicolae_shop_crystal
D:10:     layout_loops_ring, serial_undead, serial_undead_a, serial_undead_d,
          serial_undead_e, serial_undead_b, minmay_ruffians
Lair:1:   layout_regular_city, minmay_lair_oklob_items, uniq_nergalle,
          uniq_harold

Skill      XL: |  1  2  3  4  5  6  7  8  9 10 11 |
---------------+----------------------------------+-----
Invocations    | 2 3 4 5 6 9 10 | 10.0
Long Blades    | 3 5 6 7 11 13 14 | 14.0
Fighting       | 7 8 |  8.0
Armour         | 3 |  3.4
Dodging        | |  1.1

Action                   |  1- 3 |  4- 6 |  7- 9 | 10-12 || total
-------------------------+-------+-------+-------+-------++-------
Melee: Falchion          |    92 |   165 |   520 |   170 ||   947
       Punch             |       |     1 |     6 |       ||     7
       Scimitar          |       |       |       |   147 ||   147
Throw: Dart              |       |     3 |    19 |       ||    22
 Abil: Hop               |     1 |     2 |     2 |       ||     5
Evoke: Phial of floods   |       |       |       |     1 ||     1
  Use: Scroll            |       |     1 |     7 |     5 ||    13
       Potion            |       |       |     1 |       ||     1
 Stab: Distracted        |       |     1 |       |       ||     1
       Sleeping          |       |       |       |     5 ||     5
Armor: Plate armour      |    75 |   103 |   290 |       ||   468
       Leather armour    |     2 |       |       |       ||     2
       Shadow dragon sca |       |       |       |   155 ||   155
Dodge: Dodged            |    29 |    44 |   111 |    81 ||   265
Block: Buckler           |       |       |     5 |    28 ||    33
